 Dungeon Crawl Stone Soup version 0.28.0-45-g0d030f2227 (webtiles) character file.

Game seed: 3364354131567569102

503 bobregger the Skirmisher (level 7, 0/82 HPs)
             Began as an Ogre Berserker on Apr 17, 2022.
             Was a Follower of Trog.
             Slain by a killer bee (4 damage)
             ... on level 5 of the Dungeon.
             The game lasted 00:06:34 (4894 turns).

bobregger the Skirmisher (Ogre Berserker)           Turns: 4894, Time: 00:06:34

Health: 0/82       AC:  3    Str: 22    XL:     7   Next: 17%
Magic:  7/7        EV: 12    Int:  8    God:    Trog [*.....]
Gold:   51         SH:  0    Dex: 18    Spells: 6/6 levels left

rFire   . . .      SeeInvis .   a - +0 mace
rCold   + . .      Faith    .   (no shield)
rNeg    . . .      Spirit   .   b - +0 animal skin
rPois   .          Reflect  .   (helmet restricted)
rElec   .          Harm     .   (no cloak)
rCorr   .          Rampage  .   (gloves unavailable)
Will    .....                   (boots unavailable)
Stlth   ++........              (no amulet)
HPRegen 0.23/turn               k - +6 ring of dexterity
MPRegen 0.10/turn               i - ring of protection from cold

@: lethally poisoned (0 -> -16), on berserk cooldown, slowed, very slow
A: large, unfitting armour, tough skin 1, agile 1, robust 1
a: Renounce Religion, Berserk


You were on level 5 of the Dungeon.
You worshipped Trog.
Trog was aware of your devotion.
You visited 1 branch of the dungeon, and saw 5 of its levels.

You collected 139 gold pieces.
You spent 88 gold pieces at shops.

Inventory:

Hand Weapons
 a - a +0 mace (weapon)
Armour
 b - a +0 animal skin (worn)
Jewellery
 i - a ring of protection from cold (right hand)
 k - a +6 ring of dexterity (left hand)
Scrolls
 d - 2 scrolls of vulnerability
 f - 2 scrolls of teleportation
 j - 2 scrolls of noise {unknown}


   Skills:
 + Level 6.2 Fighting
 * Level 5.2 Maces & Flails
 + Level 4.2 Dodging
 - Level 0.8 Stealth


You had 6 spell levels left.
You didn't know any spells.
Your spell library was empty.

Dungeon Overview and Level Annotations

Branches:
Dungeon (5/15)             Temple (0/1) D:4

Altars:
Hepliaklqana
Xom

Shops:
D:3 !   D:4 *![


Innate Abilities, Weirdness & Mutations

You are too large for most types of armour.
You have tough skin. (AC +1)
You are agile. (Dex +2)
You are robust. (+10% HP)


Message History

A killer bee comes into view.
The killer bee buzzes angrily.
You hear an angry buzzing noise.
The killer bee moves out of view.
You see here a +0 flail.
You feel a strong urge to attack something.
You feel sick.
A killer bee comes into view.
There are monsters nearby!
There are monsters nearby!
There are monsters nearby!
There are monsters nearby!
You feel sick.
You see here a +0 flail.
You feel your anger nearly subside.
You are no longer berserk.
You are exhausted.
You feel yourself slow down.
You feel sick.
You are no longer poisoned.
Things that are here:
a +0 short sword; 3 boomerangs The killer bee closely misses you.
Found 10 gold pieces.
The killer bee buzzes angrily.
You hear an angry buzzing noise.
The killer bee stings you but does no damage.
The killer bee stings you.
A killer bee comes into view.
The killer bee stings you. x2
You are poisoned.
The killer bee poisons you!
You feel very sick. The killer bee stings you!
* * * LOW HITPOINT WARNING * * *
You are more poisoned.
The killer bee poisons you! The killer bee stings you!
* * * LOW HITPOINT WARNING * * *
You are more poisoned.
The killer bee poisons you!
* * * LOW HITPOINT WARNING * * *
You feel extremely sick. The killer bee stings you.
You die...

..............
.....##.#..###...#
...........(....##
..... #..........
....#####.###≈#.##
##............≈....
..........≈≈.≈#.##
#.######.....≈....
#@#######..≈≈≈#.##
#yy.y))..$#..≈#.#
#..######..##≈#..
#..# #..........#
#..# #..........#
.... #..........#
......#####.##y...
##..... .# .y..
.$....# .. ...


You could see 3 killer bees.

Vanquished Creatures
  A phantom (D:4)
  2 scorpions (D:4)
  A killer bee (D:5)
  A centaur skeleton (D:4)
  A hound (D:4)
  A bullfrog skeleton (D:3)
  2 orc wizards (D:4)
  6 adders
  An ufetubus (D:4)
  An adder skeleton (D:4)
  2 dart slugs
  4 worms (D:4)
  3 orcs
  4 endoplasms
  2 giant cockroaches
  6 goblins
  6 hobgoblins
  A quokka (D:2)
  2 ball pythons (D:3)
  3 bats
  6 kobolds
  A rat (D:1)
57 creatures vanquished.

Notes
Turn   | Place    | Note
-------+----------+-------------------------------------------
     0 | D:1      | bobregger the Ogre Berserker began the quest for the Orb.
     0 | D:1      | Reached XP level 1. HP: 24/24 MP: 1/1
   291 | D:1      | Reached XP level 2. HP: 32/33 MP: 2/2
   297 | D:1      | Found a faded altar of an unknown god.
   915 | D:2      | Reached XP level 3. HP: 40/40 MP: 3/3
  1494 | D:3      | Reached skill level 5 in Fighting
  1609 | D:3      | Reached XP level 4. HP: 32/50 MP: 4/4
  1795 | D:3      | Found Mirekeha's Distillery.
  2107 | D:4      | Reached XP level 5. HP: 57/57 MP: 5/5
  2502 | D:4      | Reached XP level 6. HP: 67/67 MP: 6/6
  2563 | D:4      | Found Waxtei Aschy's Antique Armour Boutique.
  2625 | D:4      | Found a staircase to the Ecumenical Temple.
  2668 | D:4      | Found Vahiys's Distillery.
  2682 | D:4      | Bought a potion of mutation for 88 gold pieces
  2687 | D:4      | Gained mutation: You are robust. (+10% HP) [potion of
                  | mutation]
  2687 | D:4      | Gained mutation: You are agile. (Dex +2) [potion of
                  | mutation]
  3104 | D:4      | Reached skill level 6 in Fighting
  3480 | D:4      | Found Ovodou's Assorted Antiques.
  3524 | D:4      | Reached skill level 5 in Maces & Flails
  3775 | D:4      | Found a shimmering altar of Xom.
  4335 | D:4      | Noticed Eustachio
  4361 | D:4      | HP: 3/73 [Eustachio/+0 rapier (8)]
  4673 | D:4      | Found a faded altar of an unknown god.
  4685 | D:4      | Reached XP level 7. HP: 62/82 MP: 7/7
  4773 | D:4      | Found a faded altar of an unknown god.
  4773 | D:4      | Found a hazy altar of Hepliaklqana.
  4833 | D:5      | Entered Level 5 of the Dungeon
  4894 | D:5      | HP: 4/82 [poisoned by a killer bee]
  4894 | D:5      | Slain by a killer bee

Illustrated notes

Levels and vault maps discovered:
D:1:      lightli_arrival_flooded_house, layout_rooms, basic_ecumenical_altar,
          minmay_misc_feat_room
D:2:      layout_loops_ring
D:3:      layout_rooms, serial_shops, nicolae_diamond_shop,
          kennysheep_generic_room_13
D:4:      layout_rooms, mainiacjoe_overflow_catwalk,
          nicolae_hepliaklqana_ecumenical_no_more, temple_green,
          serial_co_window_serial, co_window_corner_a, co_window_paths_a,
          co_window_paths_a, co_window_paths_a, co_window_cross_1,
          co_window_paths_a, co_window_paths_b, co_window_paths_a,
          co_window_corner_a, co_window_broadway_c, co_window_paths_c,
          co_window_paths_c, co_window_cross_2, co_window_of_opportunity_c,
          glass_columns_a, serial_shops, shop_fountains,
          nicolae_shop_behind_doors, nicolae_square_shop, nicolae_wormholes,
          uniq_eustachio
D:5:      layout_basic, chequers_serial_rivers_micro_e, minivault_23,
          minmay_holes, uniq_duvessa

Skill      XL: |  1  2  3  4  5  6 |
---------------+-------------------+-----
Maces & Flails | 3 4 5 |  5.2
Dodging        | 3 4 |  4.2
Fighting       | 5 6 |  6.2
Stealth        | |  0.8

Action                   |  1- 3 |  4- 6 |  7- 9 || total
-------------------------+-------+-------+-------++-------
Melee: Mace              |    77 |   157 |     9 ||   243
       Punch             |       |     1 |       ||     1
Invok: Berserk           |     4 |     5 |     1 ||    10
  Use: Scroll            |     4 |     3 |       ||     7
       Potion            |       |    10 |       ||    10
Armor: Animal skin       |    17 |    44 |     6 ||    67
       Skin              |       |    15 |       ||    15
Dodge: Dodged            |    57 |   128 |    11 ||   196
